 Dungeon Sprint DCSS version 0.17-a0-1528-gfee3901 (webtiles) character file.

106 ztt the Covert (level 4, -10/21 HPs)
             Began as a Spriggan Enchanter on July 15, 2015.
             Mangled by a water elemental (18 damage)
             ... in the Dungeon (Sprint III: "The Ten Rune Challenge").
             The game lasted 00:01:21 (325 turns).

ztt the Covert (Spriggan Enchanter)                  Turns: 325, Time: 00:01:21

Health: -10/21     AC:  3    Str:  4    XL:     4   Next: 55%
Magic:  5/11       EV: 19    Int: 17    God:
Gold:   17         SH:  0    Dex: 16    Spells: 3 memorised, 5 levels left

rFire  . . .     SeeInvis +     a - +1 dagger
rCold  . . .     Clarity  .     b - +1 robe
rNeg   . . .     SustAt   .     (shield restricted)
rPois  .         Gourm    .     (helmet restricted)
rElec  .         Spirit   .     (no cloak)
rCorr  .         Warding  .     (gloves unavailable)
rMut   .         NoTele   +     (boots unavailable)
MR     .....                    (no amulet)
Stlth  ++++++....               (no ring)
                                (no ring)

@: very quick, not resistant to hostile enchantments, very stealthy
A: unfitting armour, see invisible, herbivore 3, speed 3, slow metabolism 2
a: no special abilities


You were in the Dungeon.
You were not hungry.

You visited 1 branch You collected 17 gold pieces.

Inventory:

Hand weapons
 a - a +1 dagger (weapon)
Armour
 b - a +1 robe (worn)
Scrolls
 j - 2 scrolls of blinking
 m - a scroll of remove curse
Potions
 e - a potion of curing
 f - a potion of heal wounds
 g - a potion of haste
 h - 3 potions of magic
 i - a potion of berserk rage
 k - 2 potions of mutation
 o - a potion of ambrosia {unknown}
 p - a potion of flight {unknown}
 r - a potion of cure mutation
Books
 c - a book of Maledictions

   Spells                             Type                      Level
   a - Corona                         Hexes                        1
   b - Ensorcelled Hibernation        Hexes/Ice                    2
   c - Confuse                        Hexes                        3
   d - Tukima's Dance                 Hexes                        3
   e - Dazzling Spray                 Conjuration/Hexes            3
Comestibles
 d - 2 bread rations


   Skills:
 + Level 0.7 Fighting
 + Level 1.1 Short Blades
 + Level 4.3 Dodging
 * Level 11.5 Stealth
 + Level 4.0 Spellcasting
 + Level 6.4 Hexes


You had 5 spell levels left.
You knew the following spells:

 Your Spells              Type           Power        Failure   Level  Hunger
a - Corona                Hex            ####...      1%          1    None
b - Ensorcelled Hibernat  Hex/Ice        ##....       10%         2    ##.....
c - Confuse               Hex            ####....     3%          3    ###....


Dungeon Overview and Level Annotations

Branches:
Dungeon (1/1)

Altars:


Innate Abilities, Weirdness & Mutations

You are tiny and cannot use many weapons and most armour.
You have supernaturally acute eyesight.
You are a herbivore.
You cover ground extremely quickly.
You need consume almost no food.


Message History

Confirm with . or Enter, or press ? or * to list all spells.
Aiming: Confuse
Press: ? - help, Shift-Dir - straight line, f/p - water elemental
Aim: a water elemental (magic immune)
The water elemental is unaffected.
The water elemental closely misses you. What do you say? t - Shout!
Orders for allies: a - Attack new target. r - Retreat! s - Stop attacking. w - Wait here. f - Follow me.
Anything else - Stay silent.
Okay, then.
You start resting.
You see here 7 stones.
You hit the water elemental but do no damage.
The water elemental hits you!
Ouch! That really hurt!
The water elemental hits you!!
Ouch! That really hurt!
You die...

▓<..#...#### ##.#
▓...#......#####..#
▓..##.......#.%#..#
▓##.##E##..÷#..#..# #
##.##.###..##'#..#..
▓#.####.##..###...'.⌠
▓.###..##..####...#..
▓#.....##.E###....# ⌠
###@E##[..##.....#
##..##....#.E....#
#..###..##.#.....#
#(.# #..#####....#
▓▓▓▓ ▓▓▓▓ ▓▓▓▓▓▓


You could see a water elemental.

Vanquished Creatures
  A scorpion (D)
  Jessica (D)
  A human (D)
  An ooze (D)
  2 rats (D)
6 creatures vanquished.

Vanquished Creatures (others)
  2 draconian scorchers (D)
  A yaktaur (D)
3 creatures vanquished.

Grand Total: 9 creatures vanquished

Notes
Turn   | Place    | Note
--------------------------------------------------------------
     0 | D        | ztt the Spriggan Enchanter began the quest for the Orb.
     0 | D        | Reached XP level 1. HP: 9/9 MP: 5/5
     9 | D        | Reached skill level 5 in Stealth
    27 | D        | Reached skill level 6 in Stealth
    38 | D        | Noticed Jessica
    42 | D        | Killed Jessica
    42 | D        | Reached skill level 8 in Stealth
    42 | D        | Reached skill level 5 in Hexes
    42 | D        | Reached XP level 2. HP: 13/13 MP: 7/7
    42 | D        | Reached XP level 3. HP: 16/16 MP: 8/8
   107 | D        | Learned a level 2 spell: Ensorcelled Hibernation
   111 | D        | Learned a level 3 spell: Confuse
   117 | D        | Noticed a scorpion
   120 | D        | Killed a scorpion
   120 | D        | Reached skill level 10 in Stealth
   120 | D        | Reached XP level 4. HP: 19/21 MP: 9/11
   125 | D        | Reached skill level 11 in Stealth
   195 | D        | Killed a white draconian scorcher
   206 | D        | Killed a white draconian scorcher
   225 | D        | Killed a yaktaur
   286 | D        | Noticed a water elemental
   325 | D        | Mangled by a water elemental

Vault maps used:
D:        dungeon_sprint_mu

Action                   |  1- 3 |  4- 6 || total
-------------------------+-------+-------++-------
Melee: Dagger            |     5 |     2 ||     7
 Cast: Confuse           |       |     3 ||     3
  Use: Scroll            |       |     5 ||     5
 Stab: Sleeping          |     5 |     1 ||     6
